Map: Pendiente de Agustín EE

Players

saikarer

  • Race: Protoss Protoss
  • League: Silver
  • Spawn Location: 5:00

Logic

  • Race: Terran Terran
  • Spawn Location: 6:00

MisakiCat

  • Race: Zerg Zerg
  • League: Gold
  • Spawn Location: 6:00

TATORREA

  • Race: Protoss Protoss
  • League: Gold
  • Spawn Location: 12:00

MrFercho

  • Race: Zerg Zerg
  • League: Gold
  • Spawn Location: 12:00

tigro

  • Race: Terran Terran
  • League: Bronze
  • Spawn Location: 11:00

VOD

Have the link to the VOD?

Description

Time

  • Played on: Aug. 1, 2020, 11:29 p.m.
  • Length: 10:53
Show
View Real Time Build Order
Export as new Build Order

saikarer Protoss 

Build Orders:  

Get SALT Encoding   

  12  0:00  Probe  
  13  0:15  Pylon  
  13  0:19  Probe  
  14  0:31  Probe  
  15  0:35  Gateway  
  15  1:02  Probe  
  16  1:06  Assimilator  
  16  1:09  Pylon  
  16  1:14  Probe  
  17  1:35  Zealot  
  19  1:41  Cybernetics Core  
  19  1:47  Probe  
  20  1:59  Probe  
  21  2:11  Probe (Chrono Boost)  
  21  2:13  Assimilator  
  22  2:20  Adept (Chrono Boost), Probe (Chrono Boost), Nexus  
  22  2:22  Warp Gate (Chrono Boost)  
  23  2:25  Probe (Chrono Boost)  
  26  2:37  Probe  
  27  2:55  Robotics Facility  
  27  3:51  Probe  
  27  3:52  Probe  
  29  3:56  Observer  
  30  4:03  Probe  
  30  4:04  Probe  
  32  4:11  Adept  
  32  4:15  Probe  
  32  4:16  Probe  
  36  4:19  Twilight Council  
  36  4:23  Gateway  
  36  4:27  Probe  
  36  4:28  Probe  
  38  4:33  Gateway  
  38  4:35  Gateway, Adept  
  40  4:39  Probe  
  40  4:40  Robotics Facility, Immortal, Probe  
  46  4:56  Pylon  
  46  4:59  Pylon  
  46  5:14  Probe  
  47  5:22  Adept x2  
  47  5:26  Probe (Chrono Boost)  
  52  5:29  Pylon  
  52  5:31  Assimilator  
  52  5:33  Assimilator  
  52  5:34  Immortal  
  56  5:36  Stalker  
  56  5:37  Stalker  
  56  5:38  Probe (Chrono Boost)  
  61  5:43  Probe (Chrono Boost)  
  61  5:48  Adept x2  
  66  5:53  Probe  
  66  5:56  Resonating Glaives (Chrono Boost)  
  67  6:02  Adept  
  69  6:05  Probe  
  70  6:45  Pylon  
  70  6:46  Pylon  
  68  6:47  Pylon  
  68  6:48  Pylon  
  68  7:04  Stalker x4  
  64  7:29  Charge  
  60  7:31  Stalker x3  
  60  7:32  Stalker  
  68  7:39  Gateway  
  68  7:42  Gateway  
  68  7:44  Gateway, Immortal x2  
  76  7:51  Probe  
  76  7:58  Stalker  
  79  7:59  Stalker x2  
  79  8:03  Probe  
  79  8:04  Zealot  
  86  8:15  Probe  
  87  8:26  Forge  
  87  8:33  Stalker x4  
  95  8:34  Stalker  
  97  8:45  Nexus  
  87  9:04  Stalker x3  
  87  9:05  Stalker x4  
  69  9:31  Stalker x2  
  69  9:32  Stalker x2  
  69  9:33  Stalker x3  
  81  10:01  Stalker  
  81  10:02  Stalker  
  81  10:03  Stalker x3  
  87  10:07  Probe  
  87  10:10  Stalker x2  
  92  10:19  Probe  
  93  10:31  Probe  
  88  10:49  Stalker  
  91  10:50  Stalker x2  
  91  10:51  Stalker  
  91  10:52  Stalker x3  
Show
View Real Time Build Order
Export as new Build Order

Logic Terran 

Build Orders:  

Get SALT Encoding   

  12  0:01  SCV  
  13  0:13  SCV  
  14  0:18  Refinery  
  14  0:28  Supply Depot  
  14  0:33  SCV  
  15  0:50  SCV  
  16  0:57  Barracks  
  16  1:00  Refinery  
  16  1:07  SCV  
  17  1:19  SCV  
  18  1:31  SCV  
  19  1:43  SCV  
  20  1:53  Factory  
  20  1:55  SCV  
  20  1:58  Barracks Tech Lab  
  20  2:00  Engineering Bay  
  21  2:19  Stimpack  
  21  2:33  Supply Depot  
  21  2:39  Factory Tech Lab  
  21  2:44  SCV  
  21  2:49  Starport  
  22  2:56  SCV  
  23  3:08  Sensor Tower, SCV  
  23  3:11  Marine  
  25  3:14  Terran Infantry Weapons Level 1  
  25  3:21  SCV  
  26  3:29  Marine  
  26  3:32  Bunker  
  26  3:33  Orbital Command  
  27  3:41  Starport Tech Lab  
  27  3:47  Marine  
  28  3:58  Combat Shield  
  28  4:16  Command Center  
  28  4:20  Siege Tank  
  31  4:53  Sensor Tower  
  31  5:09  Terran Infantry Armor Level 1  
  30  5:33  SCV  
  31  5:38  Command Center  
  31  5:44  Supply Depot  
  31  6:06  Marine, Siege Tank, SCV  
  31  6:07  Supply Depot  
  37  6:18  SCV  
  37  6:24  Marine  
  38  6:29  Supply Depot  
  38  6:30  SCV  
  39  6:32  Banshee  
  42  6:41  Marine  
  42  6:46  Fusion Core  
  43  6:47  Planetary Fortress  
  43  6:52  Supply Depot  
  43  6:59  Marine  
  44  7:15  Supply Depot  
  44  7:17  Armory, Marine  
  45  7:25  SCV  
  46  7:32  Cloaking Field  
  46  7:35  Marine  
  47  7:37  SCV  
  47  7:39  Supply Depot  
  47  7:44  Weapon Refit  
  48  7:49  SCV  
  49  7:53  Marine  
  50  8:00  SCV  
  50  8:01  SCV  
  50  8:04  Refinery  
  52  8:12  SCV  
  53  8:13  SCV  
  53  8:15  Bunker  
  54  8:24  SCV  
  55  8:36  SCV  
  53  8:49  SCV  
  53  8:51  Hyperflight Rotors  
  54  9:00  Refinery  
  54  9:02  Marine  
  55  9:14  Supply Depot  
  55  9:19  Marine  
  55  9:24  Refinery, SCV  
  57  9:36  SCV  
  57  9:37  Supply Depot, Marine  
  59  9:38  SCV  
  60  9:48  SCV  
  60  9:50  SCV  
  62  9:55  Marine  
  63  10:00  Medivac, SCV, Supply Depot  
  63  10:01  Barracks  
  63  10:03  SCV  
  67  10:12  SCV  
  67  10:13  Marine  
  69  10:15  SCV  
  70  10:23  Supply Depot, SCV  
  70  10:27  SCV  
  72  10:31  Marine  
  72  10:35  SCV  
  76  10:39  SCV  
  77  10:47  Supply Depot  
  77  10:49  Barracks  
Show
View Real Time Build Order
Export as new Build Order

MisakiCat Zerg 

Build Orders: Hatch First, Roach Hydra 

Get SALT Encoding   

  12  0:01  Drone  
  13  0:08  Drone  
  14  0:17  Overlord  
  14  0:43  Hatchery  
  14  0:48  Drone  
  14  1:04  Extractor  
  13  1:10  Spawning Pool  
  13  1:11  Drone  
  13  1:12  Drone  
  14  1:29  Drone x2  
  16  1:55  Drone x2  
  16  1:56  Drone  
  16  1:58  Queen  
  21  2:06  Queen  
  23  2:16  Metabolic Boost  
  23  2:20  Zergling x4  
  25  2:33  Zergling x2  
  25  2:34  Zergling x4  
  28  2:48  Overlord  
  28  3:04  Overlord  
  26  3:44  Zergling x18  
  26  3:45  Zergling x4  
  35  4:14  Drone x4  
  39  4:20  Overlord x2  
  35  4:52  Zergling x2  
  36  4:53  Zergling x18  
  44  5:20  Drone x3  
  47  5:46  Lair  
  47  5:50  Roach Warren  
  46  6:05  Extractor  
  46  6:06  Drone x5  
  46  6:07  Extractor, Overlord x3  
  49  6:15  Extractor  
  47  6:40  Roach x11  
  63  7:01  Glial Reconstitution  
  63  7:08  Hydralisk Den  
  50  8:13  Drone  
  50  8:14  Drone x5  
  50  8:16  Grooved Spines  
  50  8:18  Hatchery  
  55  8:21  Evolution Chamber  
  55  8:23  Evolution Chamber  
  55  8:24  Drone x5  
  55  8:25  Drone  
  59  8:52  Zerg Ground Armor Level 1  
  59  8:53  Zerg Missile Weapons Level 1  
  59  8:56  Hydralisk  
  59  8:57  Roach x2, Hydralisk x2  
  59  8:58  Roach  
  59  9:00  Overlord x2  
  71  9:15  Drone x4  
  71  9:16  Drone  
  76  9:27  Muscular Augments  
  76  9:31  Roach x2, Hydralisk x4  
  76  9:32  Roach x2  
  88  9:47  Hydralisk x3  
  88  10:00  Roach, Hydralisk x2  
  88  10:01  Roach  
  96  10:12  Hydralisk  
  98  10:15  Overlord x3  
  98  10:23  Overlord  
  98  10:24  Overlord x2  
Show
View Real Time Build Order
Export as new Build Order

TATORREA Protoss 

Build Orders:  

Get SALT Encoding   

  12  0:03  Probe  
  13  0:15  Probe  
  14  0:27  Probe  
  14  0:28  Pylon  
  15  0:46  Probe  
  16  0:58  Gateway  
  16  1:01  Gateway, Probe  
  17  1:13  Probe (Chrono Boost)  
  17  1:17  Assimilator  
  19  1:25  Probe (Chrono Boost)  
  18  1:33  Probe (Chrono Boost)  
  19  1:40  Probe  
  20  1:52  Probe  
  21  2:10  Cybernetics Core  
  21  2:16  Nexus  
  21  2:18  Pylon  
  21  2:20  Pylon  
  21  2:38  Assimilator, Probe (Chrono Boost)  
  22  2:48  Probe (Chrono Boost)  
  23  2:51  Pylon  
  23  2:52  Warp Gate  
  23  2:53  Pylon, Probe (Chrono Boost)  
  23  2:56  Stalker  
  26  3:01  Zealot  
  26  3:04  Probe (Chrono Boost)  
  29  3:16  Probe (Chrono Boost)  
  30  3:24  Probe (Chrono Boost)  
  29  3:30  Probe x2  
  22  4:28  Probe x2  
  24  4:40  Probe x2  
  24  4:45  Adept  
  28  4:49  Adept  
  30  4:58  Probe  
  30  4:59  Probe  
  32  5:10  Probe (Chrono Boost), Stargate  
  32  5:11  Probe (Chrono Boost)  
  32  5:13  Stargate  
  34  5:15  Stargate  
  36  5:21  Adept  
  36  5:22  Adept, Probe x2 (Chrono Boost)  
  36  5:26  Assimilator, Probe x2 (Chrono Boost)  
  36  5:27  Assimilator  
  42  5:37  Probe x2 (Chrono Boost)  
  44  5:48  Probe (Chrono Boost)  
  44  5:49  Probe (Chrono Boost)  
  46  5:53  Probe x2 (Chrono Boost)  
  48  5:59  Void Ray (Chrono Boost)  
  48  6:02  Void Ray (Chrono Boost)  
  48  6:03  Probe x2  
  58  6:14  Void Ray (Chrono Boost)  
  58  6:15  Probe x2  
  60  6:49  Void Ray (Chrono Boost)  
  41  7:35  Void Ray  
  37  8:01  Cybernetics Core  
  37  8:03  Pylon  
  37  8:06  Pylon  
  37  8:10  Probe (Chrono Boost)  
  37  8:11  Pylon  
  39  8:20  Probe (Chrono Boost)  
  39  8:21  Void Ray  
  39  8:25  Probe (Chrono Boost)  
  44  8:36  Void Ray, Probe  
  49  8:48  Probe  
  50  8:54  Protoss Air Weapons Level 1 (Chrono Boost)  
Show
View Real Time Build Order
Export as new Build Order

MrFercho Zerg 

Build Orders: Hatch First 

Get SALT Encoding   

  12  0:00  Drone  
  13  0:15  Overlord  
  13  0:19  Drone  
  14  0:34  Drone x2  
  16  0:50  Hatchery  
  16  0:53  Drone  
  16  0:57  Drone  
  16  1:01  Drone  
  18  1:21  Extractor, Drone  
  18  1:30  Spawning Pool  
  18  1:40  Drone  
  18  1:41  Drone  
  19  1:53  Drone  
  20  2:02  Overlord  
  20  2:04  Drone  
  20  2:18  Zergling x2  
  20  2:19  Zergling x2  
  22  2:25  Queen x2  
  22  2:28  Drone x2  
  28  2:38  Drone x2  
  30  2:48  Drone x2  
  32  2:56  Overlord  
  32  3:03  Lair  
  32  3:12  Metabolic Boost  
  32  3:16  Drone x3  
  35  3:30  Zergling x8  
  37  3:41  Zergling x2  
  37  3:42  Zergling x6  
  41  3:49  Spine Crawler  
  41  3:53  Spine Crawler  
  39  4:18  Zergling x10  
  39  4:21  Overlord  
  40  4:54  Zergling x16  
  40  4:55  Zergling x2  
  44  5:21  Drone x5  
  49  5:29  Zergling x4  
  49  5:31  Overlord x4  
  38  6:01  Drone x2  
  38  6:02  Roach Warren  
  38  6:04  Drone x6  
  40  6:07  Extractor  
  40  6:08  Extractor  
  43  6:22  Evolution Chamber  
  42  6:26  Zergling x2  
  42  6:27  Zergling x4  
  41  6:58  Roach x10  
  60  7:04  Zerg Missile Weapons Level 1  
  60  7:49  Roach x9  
  60  7:50  Roach x3  
  84  7:55  Overlord x3  
  84  8:03  Glial Reconstitution  
  84  8:04  Extractor  
  83  8:21  Drone x3  
  86  8:31  Hatchery  
  85  8:35  Drone x3  
  85  8:36  Drone  
  85  8:38  Drone  
  90  8:43  Extractor, Hydralisk Den  
  90  8:44  Extractor  
  90  8:47  Hatchery  
  86  8:56  Overlord x2  
  70  9:07  Roach  
  70  9:08  Roach x5  
  54  9:24  Muscular Augments  
  54  9:28  Roach x7  
  68  9:41  Hydralisk  
  68  9:42  Hydralisk x3  
  70  10:04  Roach  
  70  10:05  Roach x6  
  64  10:16  Lurker Den  
Show
View Real Time Build Order
Export as new Build Order

tigro Terran 

Build Orders:  

Get SALT Encoding   

  12  0:15  Supply Depot  
  12  0:22  SCV  
  13  0:34  SCV  
  14  0:42  Barracks  
  14  0:47  SCV  
  14  0:49  Refinery  
  15  0:59  SCV  
  16  1:11  SCV  
  17  1:23  SCV  
  18  1:29  Marine  
  19  1:33  Refinery  
  19  1:38  Supply Depot  
  19  1:42  SCV  
  20  1:47  Marine  
  21  1:54  SCV  
  22  2:05  Marine  
  23  2:15  Factory  
  23  2:21  SCV  
  24  2:23  Marine  
  25  2:33  SCV  
  25  2:35  Engineering Bay  
  26  2:41  Marine  
  27  2:45  SCV  
  28  3:01  Factory Tech Lab  
  28  3:11  Barracks Tech Lab  
  28  3:14  Command Center  
  28  3:36  Siege Tank  
  31  3:44  Combat Shield  
  31  4:14  Orbital Command  
  31  4:25  Marine, Siege Tank  
  31  4:28  Refinery  
  31  4:31  SCV  
  36  4:43  Marine, SCV  
  33  4:55  SCV  
  34  5:00  Terran Infantry Weapons Level 1  
  34  5:01  Marine  
  34  5:03  Stimpack  
  35  5:07  SCV  
  36  5:19  Marine, SCV  
  38  5:27  Refinery  
  38  5:31  SCV  
  39  5:36  Marine  
  40  5:43  SCV  
  40  5:45  Starport  
  41  5:54  Marine, Missile Turret  
  41  5:55  SCV  
  43  6:07  SCV  
  44  6:12  Marine  
  44  6:15  Siege Tank  
  48  6:20  SCV  
  48  6:24  Missile Turret  
  49  6:25  Armory  
  49  6:30  Marine  
  49  6:32  SCV  
  51  6:44  SCV  
  51  6:46  Missile Turret  
  51  6:48  Marine  
  47  6:54  Terran Infantry Armor Level 1  
  47  6:56  SCV  
  48  7:05  Marine  
  48  7:09  Missile Turret  
  45  7:20  Planetary Fortress  
  41  7:23  Marine  
  42  7:35  Missile Turret  
  42  7:41  Thor, Marine  
  49  7:59  Marine  
  49  8:05  SCV  
  51  8:14  Medivac  
  51  8:17  Marine, SCV  
  55  8:24  Thor  
  61  8:27  Fusion Core  
  61  8:29  SCV  
  62  8:48  Neosteel Armor  
  62  8:56  Supply Depot  
  62  9:17  Thor, Marine, SCV  
  62  9:18  Supply Depot  
  58  9:29  SCV  
  59  9:35  Marine  
  52  9:53  Marine  
  52  9:54  Barracks, Starport Tech Lab  
  53  10:00  Thor  
  59  10:11  Marine  
  60  10:14  Medivac  
  62  10:28  Marine  
Tags
 
Add a new tag
Caveats
  • Supply blocks, unpowered buildings, or Contaminate may cause inaccurate times.
  • Supply counts are checked every 10 seconds.